 Dungeon Crawl Stone Soup version 0.29.0-4-gdea44cf6ec (webtiles) character file.

Game seed: 10568900408680123884

1067 qw the Cleaver (level 8, -7/46 HPs)
             Began as a Tengu Warper on Aug 28, 2022.
             Was a Follower of Okawaru.
             Mangled by Maggie
             ... wielding a +1 long sword of flaming
              (9 damage)
             ... on level 6 of the Dungeon.
             The game lasted 00:00:29 (5883 turns).

qw the Cleaver (Tengu Warper)                       Turns: 5883, Time: 00:00:29

Health: -7/46      AC: 13    Str: 20    XL:     8   Next: 28%
Magic:  10/12      EV: 14    Int: 14    God:    Okawaru [*.....]
Gold:   139        SH:  0    Dex: 19    Spells: 11/11 levels left

rFire   . . .      SeeInvis .   k - +1 hand axe (flame)
rCold   + . .      Faith    .   (no shield)
rNeg    . . .      Spirit   .   c - +1 chain mail {rC+}
rPois   .          Reflect  .   (helmet restricted)
rElec   .          Harm     .   h - +0 cloak
rCorr   .          Rampage  .   (no gloves)
Will    .....                   (boots unavailable)
Stlth   ..........              (no amulet)
HPRegen 0.15/turn               l - +6 ring of dexterity
MPRegen 0.13/turn               b - +6 ring of strength

@: about to teleport, heroic, flying quickly and evasively, quick
A: beak, talons 3, nimble flight
a: Renounce Religion, Heroism


You were on level 6 of the Dungeon.
You worshipped Okawaru.
Okawaru was aware of your devotion.
You visited 2 branches of the dungeon, and saw 7 of its levels.

You collected 315 gold pieces.
You spent 176 gold pieces at shops.


Innate Abilities, Weirdness & Mutations

You have a beak for a mouth.
You have claws for feet.
Your magical nature lets you fly swiftly and evasively.


   Skills:
 - Level 3.3(8.3) Fighting
 + Level 8.5(13.5) Axes
 - Level 1.0(6.0) Throwing
 - Level 4.0(9.0) Armour
 - Level 3.4(8.4) Dodging
 - Level 2.0 Spellcasting
 - Level 2.4 Translocations
 + Level 1.6 Invocations


You had 11 spell levels left.
You didn't know any spells.
Your spell library contained the following spells:

 Spells                   Type           Power      Damage    Failure   Level
 Blink                    Tloc           16%        N/A       71%         2
 Gell's Gravitas          Tloc           8%         N/A       90%         3
 Lesser Beckoning         Tloc           8%         N/A       90%         3
 Teleport Other           Tloc           8%         N/A       90%         3
 Manifold Assault         Tloc           8%         N/A       100%        5

Inventory:

Hand Weapons
 k - a +1 hand axe of flaming (weapon)
Missiles
 o - 4 boomerangs (quivered)
Armour
 c - a +1 chain mail of cold resistance (worn)
 h - a +0 cloak (worn)
Jewellery
 b - a +6 ring of strength (right hand)
 l - a +6 ring of dexterity (left hand)
 Y - a ring of protection from cold
Wands
 m - a wand of digging (9)
Scrolls
 a - a scroll of torment {unknown}
 d - 5 scrolls of teleportation
 e - 2 scrolls of identify
 p - a scroll of enchant armour {unknown}
Potions
 f - a potion of degeneration {unknown}
 g - 5 potions of curing
 i - a potion of resistance
 j - a potion of haste
 n - 3 potions of might
 q - a potion of mutation {unknown}

Dungeon Overview and Level Annotations

Branches:
Dungeon (6/15)             Temple (1/1) D:5

Altars:
Ashenzari
Cheibriados
Dithmenos
Elyvilon
Fedhas
Gozag
Hepliaklqana
Kikubaaqudgha
Makhleb
Nemelex Xobeh
Okawaru
Qazlal
Sif Muna
Trog
Uskayaw
Vehumet
Wu Jian
Xom
Yredelemnul
The Shining One

Shops:
D:4 :   D:5 *?

Annotations:
D:6 Maggie


Message History

Press: ? - help, Q - select action Shift-Dir - straight line, f - ogre You throw a boomerang.
The boomerang hits the ogre!
The ogre is heavily wounded.
An ogre is nearby!
Throw: 4 boomerangs
Press: ? - help, Q - select action Shift-Dir - straight line, f/p - ogre You throw a boomerang.
The boomerang closely misses the ogre.
You hit the ogre. You burn the ogre. You claw the ogre, but do no damage.
The ogre is severely wounded.
The ogre barely misses you.
You hit the ogre. You burn the ogre.
The ogre is almost dead.
You slash the ogre! You burn the ogre.
You kill the ogre!
Okawaru accepts your kill.
You feel like a meek peon again.
Magic restored.
Things that are here:
a +0 giant club; an ogre corpse You see here a potion of brilliance.
Maggie the Vainglorious comes into view.
She is wielding a +1 long sword of flaming.
Maggie shouts!
5875 ||| Stepping ~*~*~tactically~*~*~ (hiding).
You start waiting.
Maggie is nearby!
You hit Maggie but do no damage. You peck Maggie, but do no damage.
Maggie hits you with a +1 long sword of flaming!
Maggie burns you.
You hit Maggie but do no damage. You peck Maggie, but do no damage.
Maggie hits you with a +1 long sword of flaming!
Maggie burns you.
5882 ||| INVOKING Heroism.
You gain the combat prowess of a mighty hero.
Maggie points at you and mumbles some strange words.
The bolt of fire hits you!!
5883 ||| READING 6 scrolls of teleportation.
As you read the scroll of teleportation, it crumbles to dust.
You feel strangely unstable.
Maggie hits you with a +1 long sword of flaming!
You die...

#........#
#........#
#........# ##
##'####### ...
#.#.....# #.#.
#.#.....# ....
#.#.....#
#..######.#.....#
#..@@..##.#.....##
##.###.##.#......#
+. #..#.##'###.#
#######.#....# #.#
..........!.)###.#
###########.>....#
########


You could see Maggie.

Vanquished Creatures
  Sigmund (D:4)
  An ice beast (D:5)
  An ogre (D:6)
  A necrophage (D:6)
  A scorpion (D:5)
  4 wights (D:6)
  2 jellies (D:6)
  An orc priest (D:3)
  3 hounds
  Ijyb (D:3)
  2 iguanas
  Jessica (D:2)
  6 adders
  A white imp (D:5)
  An ufetubus (D:4)
  2 worms (D:2)
  A dart slug (D:4)
  7 orcs
  A bat (D:3)
  5 endoplasms
  3 giant cockroaches
  5 goblins
  2 hobgoblins
  2 quokkas
  8 ball pythons
  2 frilled lizards
  4 kobolds
  4 rats
73 creatures vanquished.

Notes
Turn   | Place    | Note
-------+----------+-------------------------------------------
     0 | D:1      | qw the Tengu Warper began the quest for the Orb.
     0 | D:1      | Reached XP level 1. HP: 12/12 MP: 4/4
     0 | D:1      | 0 ||| qw: Version: 0.1-a-89-g26bdef1
     0 | D:1      | 0 ||| qw: Game counter: 2911
     0 | D:1      | 0 ||| qw: Always use a shield: true
     0 | D:1      | 0 ||| qw: God list: Okawaru
     0 | D:1      | 0 ||| qw: Allow faded altars: false
     0 | D:1      | 0 ||| qw: Do Orc after D:15 true
     0 | D:1      | 0 ||| qw: Do second Lair branch before Depths: true
     0 | D:1      | 0 ||| qw: Lair rune preference: random
     0 | D:1      | 0 ||| qw: Plans: Normal
     0 | D:1      | 0 ||| PLANNING D:1-11
    10 | D:1      | 10 ||| Stepping ~*~*~tactically~*~*~ (stealth).
    11 | D:1      | 11 ||| Stepping ~*~*~tactically~*~*~ (stealth).
    12 | D:1      | 12 ||| Stepping ~*~*~tactically~*~*~ (stealth).
   237 | D:1      | Reached XP level 2. HP: 17/17 MP: 6/6
   249 | D:1      | Reached skill level 3 in Axes
   871 | D:1      | 871 ||| UPGRADING to +0 ring mail.
   881 | D:1      | 881 ||| DROPPING +0 leather armour.
   882 | D:1      | 882 ||| UPGRADING to ring of protection from cold.
   883 | D:1      | 883 ||| READING scroll labelled HINUUGRIMAI.
   884 | D:1      | 884 ||| READING scroll labelled DEOLUDD DERCHO.
   885 | D:1      | 885 ||| READING 2 scrolls labelled ALAOLU JAUDOO.
   889 | D:1      | 889 ||| READING scroll labelled KEPPEGOGOR.
   890 | D:1      | 890 ||| READING scroll labelled XUUM TUHASCHOWO.
   891 | D:1      | 891 ||| READING scroll labelled VECOTA KAUNADA.
   892 | D:1      | 892 ||| DROPPING scroll of blinking.
   932 | D:2      | 932 ||| STAIRDANCE
  1007 | D:2      | Noticed Jessica
  1008 | D:2      | 1008 ||| Stepping ~*~*~tactically~*~*~ (hiding).
  1017 | D:2      | Killed Jessica
  1018 | D:2      | Reached skill level 4 in Axes
  1018 | D:2      | Reached XP level 3. HP: 7/21 MP: 7/7
  1018 | D:2      | 1018 ||| FLEEEEING.
  1019 | D:2      | 1019 ||| FLEEEEING.
  1020 | D:2      | 1020 ||| FLEEEEING.
  1021 | D:2      | 1021 ||| FLEEEEING.
  1022 | D:2      | 1022 ||| FLEEEEING.
  1023 | D:2      | 1023 ||| FLEEEEING.
  1024 | D:2      | 1024 ||| STAIRDANCE
  1441 | D:2      | Found a stormy altar of Qazlal.
  1885 | D:2      | Reached XP level 4. HP: 26/26 MP: 8/8
  2221 | D:2      | 2221 ||| UPGRADING to +0 scale mail.
  2231 | D:2      | 2231 ||| DROPPING +0 ring mail.
  2232 | D:2      | 2232 ||| READING scroll labelled CUAWAI EMIVVA.
  2233 | D:2      | 2233 ||| READING scroll labelled NICAON HIPS.
  2234 | D:2      | 2234 ||| READING scroll labelled ADUTOXK ZIPOY.
  2235 | D:2      | 2235 ||| DRINKING 2 green potions.
  2343 | D:3      | Reached skill level 5 in Axes
  2423 | D:3      | 2423 ||| DROPPING +0 club.
  2426 | D:3      | Found a broken altar of Ashenzari.
  2439 | D:3      | Noticed Ijyb
  2441 | D:3      | 2441 ||| Stepping ~*~*~tactically~*~*~ (hiding).
  2457 | D:3      | Killed Ijyb
  2697 | D:3      | HP: 6/26 [orc/+0 short sword (5)]
  2698 | D:3      | 2698 ||| READING scroll of teleportation.
  2699 | D:3      | HP: 2/26 [orc priest/+0 hand axe (1)]
  2701 | D:3      | Gained mutation: Your magical nature lets you fly swiftly
                  | and evasively. [Tengu growth]
  2701 | D:3      | Reached XP level 5. HP: 3/30 MP: 9/9
  3017 | D:3      | 3017 ||| Stepping ~*~*~tactically~*~*~ (stealth).
  3069 | D:3      | 3069 ||| Stepping ~*~*~tactically~*~*~ (stealth).
  3071 | D:3      | 3071 ||| Stepping ~*~*~tactically~*~*~ (hiding).
  3072 | D:3      | 3072 ||| Stepping ~*~*~tactically~*~*~ (hiding).
  3143 | D:3      | 3143 ||| DROPPING +0 whip.
  3157 | D:3      | Found a bloodstained altar of Trog.
  3162 | D:3      | Reached skill level 6 in Axes
  3276 | D:3      | 3276 ||| UPGRADING to +1 scale mail of willpower.
  3286 | D:3      | 3286 ||| UPGRADING to +1 chain mail of cold resistance.
  3296 | D:3      | 3296 ||| DROPPING +1 scale mail of willpower.
  3297 | D:3      | 3297 ||| DROPPING +0 scale mail.
  3298 | D:3      | 3298 ||| READING scroll labelled ABULURHEDUN.
  3299 | D:3      | 3299 ||| DROPPING +0 vampiric whip.
  3300 | D:3      | 3300 ||| DRINKING 2 inky potions.
  3346 | D:3      | 3346 ||| DRINKING 2 smoky black potions.
  3347 | D:3      | 3347 ||| READING 4 scrolls of identify.
  3347 | D:3      | 3347 ||| IDENTIFYING glowing clear potion
  3348 | D:3      | 3348 ||| READING 3 scrolls of identify.
  3348 | D:3      | 3348 ||| IDENTIFYING puce potion
  3349 | D:3      | 3349 ||| READING 2 scrolls of identify.
  3349 | D:3      | 3349 ||| IDENTIFYING clear potion
  3350 | D:3      | 3350 ||| DROPPING potion of lignification.
  3351 | D:3      | 3351 ||| DROPPING potion of brilliance.
  3370 | D:4      | Noticed Sigmund
  3378 | D:4      | Killed Sigmund
  3379 | D:4      | Reached XP level 6. HP: 23/35 MP: 10/10
  3510 | D:4      | 3510 ||| Stepping ~*~*~tactically~*~*~ (stealth).
  3594 | D:4      | 3594 ||| Stepping ~*~*~tactically~*~*~ (stealth).
  3629 | D:4      | 3629 ||| Stepping ~*~*~tactically~*~*~ (stealth).
  3635 | D:4      | 3635 ||| Stepping ~*~*~tactically~*~*~ (stealth).
  3636 | D:4      | 3636 ||| Stepping ~*~*~tactically~*~*~ (stealth).
  4086 | D:4      | Found Hiepneek's Tremendous Tomes.
  4103 | D:4      | 4103 ||| DROPPING +3 ring mail.
  4104 | D:4      | 4104 ||| READING scroll labelled SUSO PEIPH.
  4109 | D:5      | Entered Level 5 of the Dungeon
  4114 | D:5      | Found Zenkebri's Magic Scroll Shop.
  4119 | D:5      | 4119 ||| BUYING 2 scrolls of teleportation (60 gold).
  4119 | D:5      | Bought 2 scrolls of teleportation for 60 gold pieces
  4119 | D:5      | 4119 ||| BUYING scroll of identify (20 gold).
  4119 | D:5      | Bought a scroll of identify for 20 gold pieces
  4119 | D:5      | 4119 ||| BUYING scroll of teleportation (30 gold).
  4119 | D:5      | Bought a scroll of teleportation for 30 gold pieces
  4119 | D:5      | 4119 ||| BUYING scroll of teleportation (30 gold).
  4119 | D:5      | Bought a scroll of teleportation for 30 gold pieces
  4474 | D:5      | Reached XP level 7. HP: 40/40 MP: 11/11
  4541 | D:5      | Found a staircase to the Ecumenical Temple.
  4542 | D:5      | 4542 ||| PLANNING TEMPLE
  4542 | D:5      | 4542 ||| UPGRADING to +0 cloak.
  4547 | D:5      | 4547 ||| UPGRADING to +6 ring of strength.
  4548 | D:5      | 4548 ||| DROPPING +6 ring of intelligence.
  4549 | D:5      | 4549 ||| READING 2 scrolls of identify.
  4549 | D:5      | 4549 ||| IDENTIFYING sapphire potion
  4550 | D:5      | 4550 ||| DROPPING potion of flight.
  4575 | Temple   | Entered the Ecumenical Temple
  4642 | Temple   | Became a worshipper of Warmaster Okawaru
  4710 | Temple   | 4710 ||| PLANNING D:1-11
  4753 | D:5      | Reached skill level 7 in Axes
  4862 | D:5      | Reached skill level 3 in Fighting
  5115 | D:5      | Found Dasmopt's General Store.
  5240 | D:5      | 5240 ||| BUYING potion of curing (36 gold).
  5240 | D:5      | Bought a potion of curing for 36 gold pieces
  5394 | D:5      | 5394 ||| UPGRADING to +6 ring of dexterity.
  5396 | D:5      | 5396 ||| READING 2 scrolls of identify.
  5396 | D:5      | 5396 ||| IDENTIFYING viscous blue potion
  5397 | D:5      | 5397 ||| DROPPING potion of attraction.
  5707 | D:6      | Reached skill level 8 in Axes
  5713 | D:6      | Reached XP level 8. HP: 46/46 MP: 12/12
  5720 | D:6      | Reached * piety under Okawaru
  5721 | D:6      | Reached skill level 3 in Dodging
  5797 | D:6      | 5797 ||| INVOKING Heroism.
  5800 | D:6      | Reached skill level 1 in Invocations
  5838 | D:6      | 5838 ||| Stepping ~*~*~tactically~*~*~ (stealth).
  5839 | D:6      | 5839 ||| Stepping ~*~*~tactically~*~*~ (stealth).
  5841 | D:6      | 5841 ||| Stepping ~*~*~tactically~*~*~ (stealth).
  5842 | D:6      | 5842 ||| Stepping ~*~*~tactically~*~*~ (stealth).
  5848 | D:6      | 5848 ||| INVOKING Heroism.
  5874 | D:6      | Noticed Maggie
  5875 | D:6      | 5875 ||| Stepping ~*~*~tactically~*~*~ (hiding).
  5882 | D:6      | 5882 ||| INVOKING Heroism.
  5882 | D:6      | HP: 2/46 [Maggie/bolt of fire (20)]
  5883 | D:6      | 5883 ||| READING 6 scrolls of teleportation.
  5883 | D:6      | Mangled by Maggie

Levels and vault maps discovered:
D:1:      minmay_arrival_nine_rooms, layout_basic, nicolae_eternal_life
D:2:      layout_basic, basic_altar, uniq_jessica
D:3:      layout_rooms, nicolae_ashenzari_panopticon, lightli_temple_of_fire,
          uniq_ijyb
D:4:      layout_basic, nicolae_shop_i_like_big_books, uniq_sigmund
D:5:      layout_cave_pods, temple_statues, serial_shops, shop_scrolls, shop
D:6:      layout_basic, uniq_maggie, uniq_blork_the_orc
Temple:   nicolae_temple_bog_church

Skill      XL: |  1  2  3  4  5  6  7  8 |
---------------+-------------------------+-----
Axes           | 4 5 6 8 |  8.5
Armour         | 4 |  4.0
Fighting       | 3 |  3.3
Dodging        | 3 |  3.4
Invocations    | 1 |  1.6
Throwing       | |  1.0
Spellcasting   | |  2.0
Translocations | |  2.4

Action                   |  1- 3 |  4- 6 |  7- 9 || total
-------------------------+-------+-------+-------++-------
Melee: Hand axe          |    49 |    93 |    56 ||   198
       Kick              |    10 |    30 |    20 ||    60
       Peck              |     8 |    11 |    15 ||    34
       Punch             |       |     3 |       ||     3
Throw: Boomerang         |     7 |     1 |    14 ||    22
Invok: Heroism           |       |       |     3 ||     3
  Use: Scroll            |     6 |     9 |     3 ||    18
       Potion            |       |     3 |       ||     3
Armor: Leather armour    |     1 |       |       ||     1
       Ring mail         |     5 |       |       ||     5
       Scale mail        |       |    18 |       ||    18
       Chain mail        |       |    14 |    12 ||    26
Dodge: Dodged            |    14 |    26 |    15 ||    55

Table legend:
 A = Non-vault XP
 B = Vault XP
 C = Vault XP percentage of total XP
 D = Non-vault monster count
 E = Vault monster count
 F = Vault count percentage of total count
                 A         B        C        D         E       F
            +---------+---------+-------+---------+---------+-------
      Total |    1226 |     299 |  19.6 |      70 |       3 |   4.1
            +---------+---------+-------+---------+---------+-------
        D:1 |      16 |       0 |   0.0 |      11 |       0 |   0.0
        D:2 |      43 |      37 |  46.2 |       9 |       1 |  10.0
        D:3 |      97 |      39 |  28.7 |      17 |       1 |   5.6
        D:4 |      96 |     223 |  69.9 |      15 |       1 |   6.2
        D:5 |     348 |       0 |   0.0 |       9 |       0 |   0.0
        D:6 |     626 |       0 |   0.0 |       9 |       0 |   0.0
            +---------+---------+-------+---------+---------+-------
